 Dungeon Crawl Stone Soup version 0.28-a0-1435-g82390b3a13 (webtiles) character file.

Game seed: 14572625833812782635

137 knot the Chopper (level 5, 36/41 HPs)
             Began as a Demonspawn Berserker on Jan 10, 2022.
             Was a Believer of Trog.
             Quit the game on level 3 of the Dungeon.
             The game lasted 00:05:22 (3634 turns).

knot the Chopper (Demonspawn Berserker)             Turns: 3634, Time: 00:05:23

Health: 36/41      AC:  6    Str: 17    XL:     5   Next: 0%
Magic:  5/5        EV: 12    Int: 10    God:    Trog [**....]
Gold:   122        SH:  0    Dex: 13    Spells: 4/4 levels left

rFire   . . .      SeeInvis .   a - +0 hand axe
rCold   . . .      Faith    +   (no shield)
rNeg    . . .      Spirit   .   i - +0 ring mail
rPois   .          Reflect  .   (no helmet)
rElec   .          Harm     .   e - +0 cloak
rCorr   .          Rampage  .   (no gloves)
Will    .....                   (no boots)
Stlth   +.........              f - amulet of faith
HPRegen 0.13/turn               (no ring)
MPRegen 0.09/turn               (no ring)

@: no status effects
A: ignite blood 1, sturdy frame 2
a: Renounce Religion, Berserk, Trog's Hand


You were on level 3 of the Dungeon.
You worshipped Trog.
Trog was pleased with you.
You visited 1 branch of the dungeon, and saw 3 of its levels.

You collected 122 gold pieces.

Inventory:

Hand Weapons
 a - a +0 hand axe (weapon)
Missiles
 c - 177 stones (quivered)
Armour
 e - a +0 cloak (worn)
 i - a +0 ring mail (worn)
Jewellery
 f - an amulet of faith (around neck)
Scrolls
 d - a scroll of blinking
 g - a scroll of fear
 j - a scroll of fog
 m - 2 scrolls of torment {unknown}
 n - a scroll of vulnerability {unknown}
Potions
 b - a potion of flight {unknown}
 h - a potion of lignification {unknown}
 k - a potion of curing {unknown}
 l - a potion of invisibility {unknown}


   Skills:
 - Level 3.0 Fighting
 * Level 4.9 Axes
 * Level 1.3 Throwing
 - Level 1.7 Armour
 - Level 1.7 Dodging


You had 4 spell levels left.
You didn't know any spells.
Your spell library contained the following spells:

 Spells                   Type           Power      Damage    Failure   Level
 Apportation              Tloc           0%         N/A       38%         1
 Gell's Gravitas          Tloc           0%         N/A       77%         3
 Teleport Other           Tloc           0%         N/A       77%         3
 Alistair's Intoxication  Tmut/Pois      0%         N/A       100%        5
 Dispersal                Tloc           0%         N/A       100%        6


Dungeon Overview and Level Annotations

Branches:
Dungeon (3/15)

Altars:
Nemelex Xobeh
Qazlal
Trog


Innate Abilities, Weirdness & Mutations

Your demonic aura sometimes causes spilled blood to erupt in flames.
Your movements are less encumbered by armour. (ER -4)


Message History

2 rats come into view. 4 rats come into view. 3 rats come into view.
Found 13 gold pieces.
A rat and a quokka come into view.
The rat bites you.
You hit the rat but do no damage. The rat bites you but does no damage.
You hit the rat.
You kill the rat!
Trog accepts your kill.
You hit the rat. The rat misses you.
You closely miss the rat.
The rat is moderately wounded.
You hit the rat. The rat barely misses you. The rat closely misses you.
The rat twitches its whiskers.
You hit the rat.
You kill the rat!
Trog accepts your kill.
You closely miss the rat. The rat bites you.
You hit the rat.
You kill the rat!
Trog accepts your kill.
You hit the rat. The rat bites you but does no damage.
You hit the rat but do no damage.
The rat is moderately wounded.
You closely miss the rat.
The rat bites you but does no damage. x2
You hit the rat.
The rat is severely wounded.
You hit the rat. The rat bites you but does no damage.
The rat closely misses you.
You hit the rat.
You kill the rat!
Trog accepts your kill.
You barely miss the rat. The rat misses you.
You have reached level 5!
Your demonic ancestry asserts itself...
Your blood heats up.
Search for what [Enter for "orb", or ? for help]?
Okay, then.
Are you sure you want to abandon this character and quit the game? (Confirm with "yes".)

#.# #.......## #.# #...
#.# #.....### ..# #.#
#### #.####.....# $.##
#.# ###...>...#..##
r..#####.#######
..............#
rr.#............
###.......##)## rr
#.....#######
.........###.####r#
##.#### ####.....#
#..##rr# #.# #.....#
##.##@# #.# #.....#
#..#.#####.#####
#.....#####.#.#.........#
##..........#.#.........#
#
##########.#.#......)..#
# #.#.#####.##### ######
#...# #.# .....# #...#
#.# .###.# #...# #.#


You could see a quokka and 7 rats.

Vanquished Creatures
  A jelly (D:3)
  4 adders
  A worm (D:2)
  2 orcs (D:3)
  A ball python (D:3)
  6 bats
  7 endoplasms
  A giant cockroach (D:1)
  6 goblins
  6 hobgoblins
  5 jackals
  3 quokkas
  4 frilled lizards
  6 kobolds
  14 rats
67 creatures vanquished.

Notes
Turn   | Place    | Note
-------+----------+-------------------------------------------
     0 | D:1      | knot the Demonspawn Berserker began the quest for the Orb.
     0 | D:1      | Reached XP level 1. HP: 18/18 MP: 1/1
    66 | D:1      | Reached skill level 3 in Axes
   226 | D:1      | Gained mutation: Your movements are slightly less
                  | encumbered by armour. (ER -2) [demonic ancestry]
   226 | D:1      | Reached XP level 2. HP: 9/24 MP: 2/2
  1350 | D:2      | Reached ** piety under Trog
  1359 | D:2      | Reached XP level 3. HP: 29/29 MP: 3/3
  1386 | D:2      | Reached skill level 4 in Axes
  2030 | D:2      | Gained mutation: Your movements are less encumbered by
                  | armour. (ER -4) [demonic ancestry]
  2030 | D:2      | Reached XP level 4. HP: 29/35 MP: 4/4
  2188 | D:2      | You fall into a shaft and drop 1 floor!
  2972 | D:3      | Found a bloodstained altar of Trog.
  2972 | D:3      | Found a stormy altar of Qazlal.
  2973 | D:3      | Found a sparkling altar of Nemelex Xobeh.
  2973 | D:3      | Noticed an ice beast
  3393 | D:3      | Reached skill level 1 in Throwing
  3634 | D:3      | Gained mutation: Your demonic aura sometimes causes spilled
                  | blood to erupt in flames. [demonic ancestry]
  3634 | D:3      | Reached XP level 5. HP: 36/41 MP: 5/5
  3634 | D:3      | Quit the game

Illustrated notes

Levels and vault maps discovered:
D:1:      dpeg_arrival_rhombi, layout_basic
D:2:      minmay_chambers_of_ones, layout_basic, minmay_tetromino_l2
D:3:      layout_basic, gammafunk_temple_overflow_claw, minmay_rat_hole

Skill      XL: |  1  2  3  4 |
---------------+-------------+-----
Axes           | 3 4 |  4.9
Throwing       | 1 |  1.3
Fighting       | |  3.0
Armour         | |  1.7
Dodging        | |  1.7

Action                   |  1- 3 |  4- 6 || total
-------------------------+-------+-------++-------
Melee: Hand axe          |   154 |    66 ||   220
       Punch             |     1 |     2 ||     3
Throw: Stone             |       |    25 ||    25
Invok: Berserk           |     2 |       ||     2
  Use: Scroll            |       |     3 ||     3
 Stab: Sleeping          |     1 |       ||     1
Armor: Animal skin       |    16 |       ||    16
       Ring mail         |    40 |    19 ||    59
Dodge: Dodged            |   109 |    36 ||   145

Table legend: (Time is in decaauts)
 A = Elapsed time spent in this place.
 B = Non-inter-level travel time spent in this place.
 C = Inter-level travel time spent in this place.
 D = Time resting spent in this place.
 E = Time spent auto-exploring this place.
 F = Levels seen in this place.
 G = Mean time per level.
                   A        B        C        D        E       F      G
               +--------+--------+--------+--------+--------+-----+--------+
         Total |   3678 |   3526 |    152 |    331 |   2636 |   3 | 1226.0 |
       Dungeon |   3678 |   3526 |    152 |    331 |   2636 |   3 | 1226.0 |
               +--------+--------+--------+--------+--------+-----+--------+

Top non-repeatable levels by time:
     D:1: 1297 daAuts
     D:2: 1212 daAuts
     D:3: 1167 daAuts
